[Event "Titled Tuesday Blitz February 21 Early 2023"]
[White "Weetik, Vjacheslav"]
[Black "Uzcategui Rodriguez, Alejandro"]
[WhiteFideId "4153472"]
[BlackFideId "3903400"]
[WhiteElo "2423"]
[BlackElo "2255"]
[Result "1-0"]
[Round "05"]
[TimeControl "180+2"]
[Date "2023.02.21"]
[WhiteClock "0:00:10"]
[BlackClock "0:00:25"]

1. d4 Nf6 2. c4 e6 3. g3 d5 4. Nf3 Be7 5. Bg2 O-O 6. O-O dxc4 7. Qc2 a6 8. a4 Bd7 9. Qxc4 Bc6 10. Bf4 Nbd7 11. a5 Rc8 12. Nc3 Bd6 13. Rfd1 Re8 14. Ne5 Bxg2 15. Kxg2 Bf8 16. e4 Qe7 17. Nf3 Red8 18. e5 Ne8 19. d5 exd5 20. Nxd5 Qe6 21. Ng5 Qg6 22. e6 fxe6 23. Ne3 Nd6 24. Qxe6+ Qxe6 25. Nxe6 Re8 26. Nxf8 Nxf8 27. Bxd6 cxd6 28. Rxd6 Red8 29. Rxd8 Rxd8 30. Rc1 Rd2 31. b4 Rb2 32. Nd5 Ne6 33. Rc8+ Kf7 34. Rb8 Ng5 35. Rxb7+ Kg6 36. Rb6+ Kf7 37. Rxa6 Ne4 38. Kf3 Nxf2 39. Rb6 Nd3 40. a6 Ne5+ 41. Ke4 Nc4 42. Rb7+ Ke6 43. a7 Nd6+ 44. Kd4 Ra2 45. Nc7+ Kd7 46. a8=Q Rxa8 47. Nxa8+ Nxb7 48. Ke5 Nd8 49. b5 Nf7+ 50. Kd5 Ng5 51. Nb6+ Kc7 52. Nc4 Nf3 53. h4 Nh2 54. Ke6 Nf1 55. g4 Nh2 56. g5 Nf3 57. Kf7 Nxh4 58. Kxg7 Nf3 59. Kh6 Kb7 60. Kh5 Kc7 61. Kg4 Nd4 62. b6+ Kb7 63. Kf4 Kc6 64. Ke5 Nf3+ 65. Kf6 Kb7 66. Kf5 Kc6 67. Ne5+ Nxe5 68. Kxe5 Kxb6 69. Kf6 Kc7 70. Kg7 Kd7 71. Kxh7 Ke7 72. g6 Kf6 73. g7 Kf7 74. g8=Q+ Kf6 75. Qg6+ Ke7 76. Kg7 1-0


[Site "https://www.chess.com"]

[Event "Titled Tuesday Blitz February 21 Early 2023"]
[White "Hirneise, Jens"]
[Black "mohsengabr2002"]
[WhiteFideId "24614734"]
[WhiteElo "2277"]
[BlackElo "2324"]
[Result "1-0"]
[Round "05"]
[TimeControl "180+2"]
[Date "2023.02.21"]
[WhiteClock "0:00:17"]
[BlackClock "0:00:04"]

1. d4 Nf6 2. c4 c5 3. d5 b5 4. cxb5 a6 5. bxa6 Bxa6 6. Nc3 d6 7. Nf3 g6 8. g3 Bg7 9. Bg2 O-O 10. O-O Nbd7 11. Rb1 Qb6 12. b3 Rfb8 13. a4 Qa5 14. Bd2 Qc7 15. Qc2 Nb6 16. Na2 Nfd7 17. b4 Bb7 18. e4 Rc8 19. a5 Nxd5 20. exd5 Bxd5 21. bxc5 Nxc5 22. Nb4 Bb7 23. a6 Bxa6 24. Nxa6 Rxa6 25. Be3 Rca8 26. Rfc1 Ra2 27. Qc4 R8a7 28. Bxc5 dxc5 29. Qxc5 Qxc5 30. Rxc5 f6 31. h4 Kf7 32. h5 gxh5 33. Bh3 Bh6 34. Nd4 Kg7 35. Be6 Ra1 36. Rxa1 Rxa1+ 37. Kg2 h4 38. Rc8 hxg3 39. Rg8# 1-0


[Site "https://www.chess.com"]

[Event "Titled Tuesday Blitz February 21 Early 2023"]
[White "Tsyhanchuk, Stanislav"]
[Black "Berkes, Ferenc"]
[WhiteFideId "13505130"]
[BlackFideId "718572"]
[WhiteElo "2273"]
[BlackElo "2621"]
[Result "1-0"]
[Round "05"]
[TimeControl "180+2"]
[Date "2023.02.21"]
[WhiteClock "0:00:21"]
[BlackClock "0:00:10"]

1. c4 Nf6 2. Nc3 g6 3. e4 d6 4. d4 Bg7 5. f4 O-O 6. Nf3 c5 7. d5 b5 8. cxb5 a6 9. a4 Qa5 10. Bd2 axb5 11. Bxb5 Qb4 12. Qc2 c4 13. O-O Qc5+ 14. Kh1 Ng4 15. Qc1 Ba6 16. Bxa6 Nxa6 17. h3 Nf2+ 18. Rxf2 Qxf2 19. Be3 Qg3 20. Ne2 Qxf3 21. gxf3 Rfb8 22. Bd4 Nc5 23. Bxc5 Bxb2 24. Qd1 Bxa1 25. Qxa1 dxc5 26. Nc3 Rb3 27. a5 Ra6 28. e5 h5 29. Kg2 h4 30. Kf2 Kh7 31. Ke2 Rb4 32. Kd2 Rb3 33. Kc2 Rb4 34. Qa2 Ra7 35. f5 gxf5 36. f4 Ra6 37. Qa1 Rg6 38. a6 Rg2+ 39. Kc1 Rg1+ 40. Nd1 Rb3 41. a7 Rd3 42. Qa4 Rc3+ 43. Kb2 Rd3 44. a8=Q Rgxd1 45. Qxd1 Rxd1 46. Qe8 Rxd5 47. Qxf7+ Kh6 48. Qxd5 c3+ 49. Kxc3 c4 50. Kxc4 1-0


[Site "https://www.chess.com"]

[Event "Titled Tuesday Blitz February 21 Early 2023"]
[White "Kotepalli, Sai Nirupama"]
[Black "Yurasova, Daria"]
[WhiteFideId "5039444"]
[BlackFideId "34146919"]
[WhiteElo "1910"]
[BlackElo "2095"]
[Result "0-1"]
[Round "05"]
[TimeControl "180+2"]
[Date "2023.02.21"]
[WhiteClock "0:00:16"]
[BlackClock "0:01:35"]

1. e4 e5 2. d3 Nc6 3. Nf3 Nf6 4. g3 Bc5 5. Bg2 d6 6. O-O a6 7. c3 Bb6 8. Nbd2 Bg4 9. Nc4 Ba7 10. h3 Bh5 11. Be3 O-O 12. Bxa7 Nxa7 13. Ne3 Bg6 14. Nh4 Nc6 15. Nhf5 Bxf5 16. Nxf5 Ne7 17. g4 Nxf5 18. exf5 c6 19. Re1 Nd5 20. Bxd5 cxd5 21. Qb3 Qh4 22. Kg2 h5 23. f3 d4 24. cxd4 exd4 25. Re4 Rfe8 26. Qd5 Rac8 27. Rae1 Rc2+ 0-1


[Site "https://www.chess.com"]

[Event "Titled Tuesday Blitz February 21 Early 2023"]
[White "Alhadad, Mahmoud"]
[Black "Deng, Henry"]
[WhiteFideId "11501863"]
[BlackFideId "30965454"]
[WhiteElo "1840"]
[BlackElo "2168"]
[Result "0-1"]
[Round "05"]
[TimeControl "180+2"]
[Date "2023.02.21"]
[WhiteClock "0:02:01"]
[BlackClock "0:02:21"]

1. e4 c5 2. Nc3 e6 3. f4 Nc6 4. Nf3 Qc7 5. e5 a6 6. g3 b5 7. Bg2 Bb7 8. O-O Nd4 9. Ne2 Nxf3+ 10. Bxf3 d5 11. d4 cxd4 12. Nxd4 Bc5 13. Be3 Ne7 14. c3 O-O 15. b4 Bb6 16. a3 Qxc3 17. Rc1 Qxe3+ 0-1


[Site "https://www.chess.com"]

[Event "Titled Tuesday Blitz February 21 Early 2023"]
[White "Da Silva Borges, Rodrigo"]
[Black "Derjabin, Ilja"]
[WhiteFideId "2115778"]
[BlackFideId "14104768"]
[WhiteElo "2199"]
[BlackElo "2333"]
[Result "0-1"]
[Round "05"]
[TimeControl "180+2"]
[Date "2023.02.21"]
[WhiteClock "0:00:10"]
[BlackClock "0:00:08"]

1. e4 c5 2. Nf3 d6 3. d4 cxd4 4. Nxd4 Nf6 5. Nc3 a6 6. Be3 e5 7. Nb3 Be7 8. Qd2 Be6 9. O-O-O O-O 10. f4 Ng4 11. g3 Nxe3 12. Qxe3 Nc6 13. Kb1 Rc8 14. f5 Bg5 15. Qf2 Bxb3 16. axb3 Nd4 17. Bd3 Qa5 18. h4 Bd8 19. Nd5 Nc6 20. b4 Nxb4 21. Nxb4 Qxb4 22. Qd2 Qa4 23. b3 Qa3 24. Bc4 Ba5 25. Qxd6 Bb4 26. Qxe5 b5 27. Bxf7+ Rxf7 28. Qe6 Rf8 29. Rd3 Kh8 30. h5 Re7 31. Qd5 h6 32. g4 Qa5 33. Qd4 Rc7 34. Rhh3 Be7 35. e5 Bg5 36. Qd6 Rfc8 37. f6 Qe1+ 38. Rd1 Qe4 39. fxg7+ Kxg7 40. Qg6+ Qxg6 41. hxg6 Kxg6 42. c3 Rxc3 43. Rxc3 Rxc3 44. Rd6+ Kg7 45. Rxa6 Re3 46. Kc2 Rxe5 47. Rb6 Rd5 48. b4 Bf6 49. Rc6 Rg5 50. Rc5 Rxc5+ 51. bxc5 Be5 52. Kb3 Kg6 53. Kb4 Kg5 54. Kxb5 Kxg4 55. Kc4 h5 56. Kd3 Kg3 57. Ke2 Kg2 0-1


[Site "https://www.chess.com"]

[Event "Titled Tuesday Blitz February 21 Early 2023"]
[White "Zochowski, Kacper"]
[Black "Gharamian, Tigran"]
[WhiteFideId "1125494"]
[BlackFideId "13301527"]
[WhiteElo "2262"]
[BlackElo "2601"]
[Result "0-1"]
[Round "05"]
[TimeControl "180+2"]
[Date "2023.02.21"]
[WhiteClock "0:00:01"]
[BlackClock "0:00:14"]

1. e4 c6 2. d4 d5 3. Nc3 dxe4 4. Nxe4 Nf6 5. Ng3 h5 6. h4 c5 7. Be3 Bg4 8. Be2 Nc6 9. dxc5 Nd5 10. Bxg4 Nxe3 11. Qxd8+ Rxd8 12. fxe3 hxg4 13. a3 a5 14. Rd1 e6 15. Rxd8+ Kxd8 16. Ne4 Be7 17. g3 Kc7 18. Ne2 g5 19. h5 Ne5 20. b3 f5 21. Nd6 Bxd6 22. cxd6+ Kxd6 23. Kf2 Ke7 24. Nd4 Kf6 25. Nb5 Nf7 26. c4 Ke5 27. Nd4 Nh6 28. Rd1 Ng8 29. Rh1 Nf6 30. h6 Ng8 31. h7 Nf6 32. Rh6 Rxh7 33. Rg6 Rh2+ 34. Kg1 Rh3 35. Kg2 Rh7 36. Rxg5 Ne4 37. Rg6 Nf6 38. b4 axb4 39. axb4 b6 40. Nc6+ Kd6 41. Rxf6 Kxc6 42. Rxe6+ Kb7 43. Rf6 Rh5 0-1


[Site "https://www.chess.com"]

[Event "Titled Tuesday Blitz February 21 Early 2023"]
[White "Tsotsonava, Elene"]
[Black "Arencibia Monduy, Antonio"]
[WhiteFideId "13615939"]
[BlackFideId "3507939"]
[WhiteElo "2053"]
[BlackElo "2122"]
[Result "0-1"]
[Round "05"]
[TimeControl "180+2"]
[Date "2023.02.21"]
[WhiteClock "0:01:20"]
[BlackClock "0:00:31"]

1. e4 e6 2. d4 d5 3. Nd2 c5 4. exd5 Qxd5 5. Ngf3 cxd4 6. Bc4 Qd6 7. O-O Nc6 8. Nb3 Nf6 9. Nbxd4 Nxd4 10. Nxd4 Qc7 11. Bb3 a6 12. Re1 Be7 13. Bg5 O-O 14. Bh4 b5 15. Bg3 Qc5 16. Qf3 Ra7 17. Nc6 Bb7 18. Nxe7+ Qxe7 19. Qe3 Bd5 20. Bh4 Rd7 21. Qf4 Rfd8 22. Rad1 Bxb3 23. Rxd7 Qxd7 24. Bxf6 gxf6 25. axb3 Qd1 26. Kf1 Qxc2 27. Qxf6 Rd5 28. h4 Rf5 29. Qd8+ Kg7 30. Qd4+ e5 31. Qc3 Qxf2# 0-1


[Site "https://www.chess.com"]

[Event "Titled Tuesday Blitz February 21 Early 2023"]
[White "Bethke, Richard"]
[Black "Dong, Khanh Linh"]
[WhiteFideId "12959243"]
[BlackFideId "12403040"]
[WhiteElo "2382"]
[BlackElo "1900"]
[Result "1-0"]
[Round "05"]
[TimeControl "180+2"]
[Date "2023.02.21"]
[WhiteClock "0:00:51"]
[BlackClock "0:00:08"]

1. e4 c5 2. Nf3 d6 3. d4 cxd4 4. Nxd4 Nf6 5. Nc3 a6 6. Be3 e5 7. Nf3 Be7 8. Bc4 O-O 9. O-O Nc6 10. Qe2 b5 11. Bd5 Bb7 12. Rfd1 Qc7 13. Bg5 Rfd8 14. Bxf6 Bxf6 15. Bxc6 Bxc6 16. Nd5 Bxd5 17. Rxd5 Rac8 18. c3 Qc4 19. Qxc4 Rxc4 20. Nd2 Rc5 21. Rd3 d5 22. Nb3 Rc4 23. Rxd5 Rxe4 24. Rxd8+ Bxd8 25. Kf1 Be7 26. f3 Rh4 27. h3 Rh6 28. a4 bxa4 29. Rxa4 Rb6 30. Nd2 Rxb2 31. Nc4 Rb1+ 32. Ke2 f6 33. Rxa6 Rc1 34. Ra7 Bf8 35. Kd2 Rg1 36. Ne3 Bc5 37. Ra8+ Kf7 38. g4 g6 39. Nd5 Rg2+ 40. Kd3 Rg3 41. Ke4 Rxh3 42. Ra6 f5+ 43. gxf5 gxf5+ 44. Kxe5 Rxf3 45. Rc6 Ba3 46. Rc7+ Kg6 47. Nf4+ Kh6 48. Rc6+ Kg5 49. Ne6+ Kg4 50. Rc4+ Kg3 51. Nd4 Rf1 52. Nxf5+ Kg2 53. Ne3+ Kf2 54. Nxf1 Kxf1 55. Rh4 Bb2 56. Kd4 Ke2 57. Rh2+ Kf3 58. Rxb2 h5 59. Rh2 Kg4 60. c4 h4 61. c5 Kg3 62. Rh1 h3 63. c6 h2 64. Rxh2 Kxh2 65. c7 1-0


[Site "https://www.chess.com"]

[Event "Titled Tuesday Blitz February 21 Early 2023"]
[White "Ilinca Ilinca, Felix Antonio"]
[Black "Kornyukov, Alexey"]
[WhiteFideId "54764998"]
[BlackFideId "4150457"]
[WhiteElo "2266"]
[BlackElo "2452"]
[Result "1-0"]
[Round "05"]
[TimeControl "180+2"]
[Date "2023.02.21"]
[WhiteClock "0:02:05"]
[BlackClock "0:02:07"]

1. e4 c5 2. Nf3 Nc6 3. Bb5 e6 4. O-O Nge7 5. b4 Ng6 6. bxc5 Bxc5 7. d4 Bb6 8. d5 Nb8 9. Bb2 O-O 10. a4 a6 11. Bc4 exd5 12. Bxd5 d6 13. a5 Bxa5 14. Rxa5 Qxa5 15. Qd4 Ne5 16. Nxe5 1-0


[Site "https://www.chess.com"]

[Event "Titled Tuesday Blitz February 21 Early 2023"]
[White "Meera, Sai"]
[Black "Dauner, Benedikt"]
[WhiteFideId "5004357"]
[BlackFideId "16225899"]
[WhiteElo "2064"]
[BlackElo "2400"]
[Result "0-1"]
[Round "05"]
[TimeControl "180+2"]
[Date "2023.02.21"]
[WhiteClock "0:01:23"]
[BlackClock "0:01:20"]

1. e4 Nc6 2. d4 d5 3. exd5 Qxd5 4. c3 e5 5. dxe5 Qxd1+ 6. Kxd1 Nxe5 7. Bf4 Bd6 8. Nd2 Bf5 9. Bxe5 Bxe5 10. Ngf3 Bf6 11. Bb5+ c6 12. Re1+ Ne7 13. Bc4 O-O 14. Ne4 Rfd8+ 15. Kc1 Bxe4 16. Rxe4 Nf5 17. Kc2 Nd6 18. Rf4 Re8 19. Rd1 Rad8 20. Bf1 Ne4 21. Rxd8 Bxd8 22. Bc4 Nd6 23. Bd3 Bb6 24. Nd4 c5 25. Nf5 Nxf5 26. Rxf5 g6 27. Rd5 Re7 28. Bc4 Kg7 29. a4 a6 30. f3 Ba7 31. Rd8 Bb6 32. Kd2 Bxd8 0-1


[Site "https://www.chess.com"]

[Event "Titled Tuesday Blitz February 21 Early 2023"]
[White "Yeritsyan, Hayk"]
[Black "Levitan, Caleb Levi"]
[WhiteFideId "13307320"]
[BlackFideId "14332620"]
[WhiteElo "2241"]
[BlackElo "2129"]
[Result "1/2-1/2"]
[Round "05"]
[TimeControl "180+2"]
[Date "2023.02.21"]
[WhiteClock "0:00:11"]
[BlackClock "0:00:03"]

1. d4 Nf6 2. Nf3 d5 3. e3 e6 4. Bd3 c5 5. c3 Nc6 6. Nbd2 Be7 7. Qe2 O-O 8. O-O b6 9. dxc5 bxc5 10. e4 Bb7 11. Re1 Re8 12. e5 Nd7 13. Nf1 f6 14. exf6 Bxf6 15. Bc2 e5 16. Ng3 e4 17. Nd2 Nde5 18. Ndf1 a5 19. Bb3 Nd3 20. Rd1 a4 21. Bc2 Nce5 22. Ne3 Ba6 23. Ng4 Nxc1 24. Nxf6+ Qxf6 25. Qe1 Ncd3 26. Bxd3 Nxd3 27. Qd2 Rf8 28. Rf1 Rae8 29. b3 Ne5 30. Qxd5+ Kh8 31. Nxe4 Qf5 32. Nd6 Rd8 33. Qc6 Bxf1 34. Nxf5 Rxf5 35. Qe4 Rdf8 36. Qe3 Nf3+ 37. gxf3 Bh3 38. f4 Rxf4 39. Qxh3 Rxf2 40. Qg3 axb3 41. axb3 R2f6 42. b4 Rg6 43. Rc1 Rxg3+ 44. hxg3 Rc8 45. b5 c4 46. Rb1 Rb8 47. Rb4 Kg8 48. Kf2 Kf7 49. Ke3 Ke6 50. Kd4 Kd6 51. Kxc4 g5 52. Kd4 h5 53. c4 Rc8 54. Rb1 h4 55. gxh4 gxh4 56. Rh1 Rh8 57. c5+ Kc7 58. Kc4 h3 59. Rh2 Rh4+ 60. Kb3 Kb7 61. Ka3 Kc7 62. Kb3 Kb7 63. Kc3 Kc7 64. Kd3 Kd7 65. Ke3 Ke6 66. b6 Kd7 67. Kf3 Kc6 68. Kg3 Rb4 69. Rc2 Rb3+ 70. Kh2 Rd3 71. Rc1 Rb3 72. Rc2 Rd3 73. Kh1 Rf3 74. Rc4 Rb3 75. Kh2 Rd3 76. Rh4 Rb3 77. Rh5 Rb2+ 78. Kxh3 Rb3+ 79. Kg4 Rb5 80. Kf4 Rb4+ 81. Kg3 Rb5 82. Kf2 Rb3 83. Ke2 Ra3 84. Kd2 Rb3 85. Kc2 Rf3 86. Kb2 Rg3 87. Rf5 Re3 88. Kc2 Rh3 89. Kd2 Rb3 90. Ke2 Rc3 91. Kf2 Rb3 92. Kg2 Rc3 93. Rf3 Rxc5 94. Rb3 Kb7 95. Kf3 Rc6 96. Ke4 Rd6 97. Ke5 Rxb6 98. Rd3 Rb5+ 99. Kd6 Rb6+ 100. Kd7 Rb4 101. Rd1 Rb2 102. Rd3 Kb6 103. Rd6+ Kb5 104. Kc7 Rc2+ 105. Kb7 Ka5 106. Rb6 Ka4 107. Ka6 Rc4 108. Kb7 Rb4 109. Rxb4+ Kxb4 1/2-1/2


[Site "https://www.chess.com"]

[Event "Titled Tuesday Blitz February 21 Early 2023"]
[White "Shuvalov, Evgenij"]
[Black "Orujov, Elshad"]
[WhiteFideId "4187237"]
[BlackFideId "13403540"]
[WhiteElo "2038"]
[BlackElo "2304"]
[Result "0-1"]
[Round "05"]
[TimeControl "180+2"]
[Date "2023.02.21"]
[WhiteClock "0:01:07"]
[BlackClock "0:00:08"]

1. d4 Nf6 2. c4 e6 3. Nc3 d5 4. cxd5 exd5 5. Bg5 Be7 6. e3 O-O 7. Bd3 h6 8. Bh4 c6 9. Nge2 Ne4 10. Bg3 Nxg3 11. hxg3 Nd7 12. Nf4 Nf6 13. Qc2 Bg4 14. f3 Bd7 15. g4 Ne8 16. O-O-O b5 17. Nce2 Nd6 18. Ng3 Nc4 19. Rde1 Bg5 20. Bxc4 bxc4 21. Nf5 Re8 22. Kb1 Rb8 23. Re2 Qb6 24. Nd6 Red8 25. Nh3 Be7 26. Nf5 Bxf5 27. gxf5 a5 28. Ka1 a4 29. a3 Qb3 30. Rc1 Qxc2 31. Rexc2 Rb3 32. Rc3 Rdb8 33. R1c2 c5 34. Nf4 cxd4 35. exd4 Bf6 36. Nxd5 Bxd4 37. Rxb3 cxb3 38. Rc4 Re8 39. Rc8 Rxc8 40. Ne7+ Kf8 41. Nxc8 Bc5 42. Kb1 Ke8 43. f6 gxf6 44. Kc1 Kd8 45. Kd2 Kxc8 46. Kd3 Kd7 47. g4 Bd6 0-1


[Site "https://www.chess.com"]

[Event "Titled Tuesday Blitz February 21 Early 2023"]
[White "Bambino Filho, Antonio Carlos"]
[Black "MunichMouse"]
[WhiteFideId "2113163"]
[WhiteElo "2144"]
[BlackElo "2296"]
[Result "0-1"]
[Round "05"]
[TimeControl "180+2"]
[Date "2023.02.21"]
[WhiteClock "0:00:59"]
[BlackClock "0:00:26"]

1. e4 c5 2. Nf3 d6 3. d4 cxd4 4. Nxd4 Nf6 5. Nc3 a6 6. Bc4 Qc7 7. Bb3 e6 8. Qe2 Nc6 9. Be3 Be7 10. f4 Na5 11. f5 Nxb3 12. axb3 O-O 13. O-O Bd7 14. Qf3 b5 15. g4 b4 16. Na4 e5 17. Ne2 Bc6 18. Ng3 d5 19. g5 Nxe4 20. Nxe4 dxe4 21. Qg4 Bxa4 22. bxa4 Bc5 23. Rae1 Rad8 24. f6 Rd2 25. fxg7 Rfd8 26. Qxe4 Rxc2 27. Rf2 Rxf2 28. Kxf2 Rd2+ 29. Kg3 Rxb2 30. Rc1 Rb3 31. Rxc5 Qxc5 32. Kf2 Qxe3+ 33. Qxe3 Rxe3 34. Kxe3 a5 0-1


[Site "https://www.chess.com"]

[Event "Titled Tuesday Blitz February 21 Early 2023"]
[White "Guliev, Logman"]
[Black "Ardila, Oscar Humberto"]
[WhiteFideId "13400061"]
[BlackFideId "4404742"]
[WhiteElo "2250"]
[BlackElo "1982"]
[Result "1-0"]
[Round "05"]
[TimeControl "180+2"]
[Date "2023.02.21"]
[WhiteClock "0:00:14"]
[BlackClock "0:00:03"]

1. e4 e5 2. Nf3 Nf6 3. Nxe5 d6 4. Nf3 Nxe4 5. d3 Nf6 6. d4 Bg4 7. h3 Bh5 8. Bd3 Be7 9. O-O O-O 10. c4 Nc6 11. Be3 Re8 12. Nbd2 Qd7 13. Re1 Nb4 14. Bf1 Bg6 15. Nh4 Bh5 16. Qb3 a5 17. a3 Nc6 18. Bd3 Bg6 19. Nxg6 hxg6 20. Nf3 a4 21. Qc2 Na5 22. Rad1 Nb3 23. Ng5 Bf8 24. Qc3 c6 25. Bc2 d5 26. Bxb3 axb3 27. Qxb3 dxc4 28. Qxc4 Nd5 29. Nf3 Bd6 30. Bd2 Rxe1+ 31. Rxe1 Re8 32. Rxe8+ Qxe8 33. b4 Qe4 34. Qb3 Bf4 35. Bxf4 Nxf4 36. Qe3 Qxe3 37. fxe3 Nd5 38. Kf2 Nc3 39. Nd2 Kf8 40. Kf3 Ke7 41. e4 Ke6 42. Nb3 b6 43. Nd2 f5 44. Ke3 fxe4 45. Nxe4 Nb5 46. a4 Nc7 47. a5 Nd5+ 48. Kf3 Nxb4 49. axb6 Kd7 50. Nc5+ Kc8 51. Kg4 Nc2 52. Kg5 Nxd4 53. Kxg6 Ne2 54. Kxg7 Nf4 55. h4 Nxg2 56. h5 Nh4 57. h6 Nf5+ 58. Kg6 Ne7+ 59. Kf7 Nf5 60. h7 Nh6+ 61. Kg6 Ng8 62. hxg8=Q# 1-0


[Site "https://www.chess.com"]

[Event "Titled Tuesday Blitz February 21 Early 2023"]
[White "Jenkins, Drake"]
[Black "Heinemann, Josefine"]
[WhiteFideId "2022397"]
[BlackFideId "12900460"]
[WhiteElo "2130"]
[BlackElo "2289"]
[Result "1-0"]
[Round "05"]
[TimeControl "180+2"]
[Date "2023.02.21"]
[WhiteClock "0:00:07"]
[BlackClock "0:00:01"]

1. Nf3 d5 2. c4 e6 3. g3 Nf6 4. Bg2 d4 5. O-O c5 6. b4 cxb4 7. a3 Nc6 8. d3 Be7 9. axb4 Bxb4 10. Ba3 Bxa3 11. Nxa3 O-O 12. Qc2 e5 13. Rfb1 Qe7 14. c5 Nd5 15. Nb5 a6 16. Nd6 Nc3 17. Rb2 Ra7 18. e3 Bg4 19. Ne1 Rd8 20. h3 Bc8 21. exd4 exd4 22. Nf3 Rxd6 23. cxd6 Qxd6 24. Re1 Be6 25. Ng5 h6 26. Ne4 Nxe4 27. Rxe4 b5 28. Rxe6 Qxe6 29. Qxc6 Qe1+ 30. Kh2 Re7 31. Qxa6 b4 32. Qd6 Re6 33. Qxd4 b3 34. Rxb3 Rf6 35. Rb2 1-0


[Site "https://www.chess.com"]

[Event "Titled Tuesday Blitz February 21 Early 2023"]
[White "Babikov, Ivan"]
[Black "Schut, Han"]
[WhiteFideId "4161106"]
[BlackFideId "1005561"]
[WhiteElo "2239"]
[BlackElo "2101"]
[Result "1-0"]
[Round "05"]
[TimeControl "180+2"]
[Date "2023.02.21"]
[WhiteClock "0:00:16"]
[BlackClock "0:00:09"]

1. Nf3 Nf6 2. g3 g6 3. Bg2 Bg7 4. O-O O-O 5. d4 d5 6. c4 dxc4 7. Na3 c3 8. bxc3 c5 9. e3 Nc6 10. Bb2 Qb6 11. Qe2 Bf5 12. Nh4 Bd3 13. Qxd3 Qxb2 14. Nc4 Qb5 15. Rab1 Qa6 16. Ne5 Qxa2 17. Nxc6 bxc6 18. Bxc6 Rac8 19. Bg2 cxd4 20. cxd4 Rc7 21. Rfc1 Rfc8 22. Rxc7 Rxc7 23. Nf3 h6 24. Ne5 e6 25. Qb5 Kh7 26. Qd3 a5 27. Nc6 a4 28. Nb4 1-0


[Site "https://www.chess.com"]

[Event "Titled Tuesday Blitz February 21 Early 2023"]
[White "Thiel, Thomas"]
[Black "Mushini Ajay"]
[WhiteFideId "4615964"]
[BlackFideId "35066188"]
[WhiteElo "2234"]
[BlackElo "2310"]
[Result "1-0"]
[Round "05"]
[TimeControl "180+2"]
[Date "2023.02.21"]
[WhiteClock "0:00:18"]
[BlackClock "0:00:16"]

1. e4 c5 2. Nc3 e6 3. Nge2 a6 4. g3 b5 5. Bg2 Bb7 6. d4 cxd4 7. Nxd4 Nc6 8. O-O Bc5 9. Nxc6 Bxc6 10. Re1 h5 11. a4 h4 12. axb5 hxg3 13. hxg3 axb5 14. Rxa8 Qxa8 15. Qg4 g6 16. Nd5 Bxd5 17. exd5 Qa7 18. Be3 Nf6 19. Bxc5 Qxc5 20. Qg5 Nh5 21. c3 b4 22. cxb4 Qxb4 23. Qe5 O-O 24. Bf3 Ng7 25. dxe6 dxe6 26. Re4 Qb3 27. Kg2 Rb8 28. Rd4 Nf5 29. Rd2 Rc8 30. Be4 Ne7 31. Rd3 Qb8 32. Qf6 Qc7 33. g4 Nd5 34. Bxd5 exd5 35. Rh3 1-0


[Site "https://www.chess.com"]

[Event "Titled Tuesday Blitz February 21 Early 2023"]
[White "Zaksaite, Salomeja"]
[Black "Silvestre, Christian"]
[WhiteFideId "12801496"]
[BlackFideId "30956269"]
[WhiteElo "2283"]
[BlackElo "1942"]
[Result "1-0"]
[Round "05"]
[TimeControl "180+2"]
[Date "2023.02.21"]
[WhiteClock "0:02:11"]
[BlackClock "0:01:41"]

1. e4 c6 2. d4 d5 3. exd5 cxd5 4. Bd3 Nc6 5. c3 Qc7 6. h3 g6 7. Nf3 Bf5 8. Be2 Nf6 9. O-O Bg7 10. Nbd2 O-O 11. Re1 Ne4 12. Nf1 Bd7 13. Ne3 Rfe8 14. Bd3 e5 15. Nxd5 Qd6 16. Bxe4 exd4 17. Bf4 Qc5 18. Nc7 dxc3 19. Nxa8 cxb2 20. Rb1 Be6 21. Nc7 Rd8 22. Nxe6 fxe6 23. Qb3 1-0


[Site "https://www.chess.com"]

[Event "Titled Tuesday Blitz February 21 Early 2023"]
[White "Kiselev, Pavel"]
[Black "Sreyas Payyappat"]
[WhiteFideId "4191102"]
[BlackFideId "46674969"]
[WhiteElo "2245"]
[BlackElo "2076"]
[Result "0-1"]
[Round "05"]
[TimeControl "180+2"]
[Date "2023.02.21"]
[WhiteClock "0:00:07"]
[BlackClock "0:00:16"]

1. Nf3 Nf6 2. d4 c5 3. c4 e6 4. d5 exd5 5. cxd5 d6 6. Nc3 g6 7. e4 Bg7 8. Bd3 O-O 9. O-O Bg4 10. h3 Bxf3 11. Qxf3 Re8 12. Bf4 a6 13. a4 Nbd7 14. Rfe1 Ne5 15. Bxe5 Rxe5 16. Qe3 Re8 17. f4 Nxd5 18. Qd2 Nxc3 19. bxc3 Qa5 20. Rec1 Rad8 21. Rab1 d5 22. exd5 Rxd5 23. Qc2 c4 24. Be4 Rd7 25. Bxb7 Rd3 26. Qa2 Rxc3 27. Rxc3 Qc5+ 28. Kh1 Bxc3 29. Bxa6 Re4 30. Rc1 Rxf4 31. Rxc3 Rf1+ 32. Kh2 Qe5+ 33. Rg3 Qe1 34. Rf3 Rh1# 0-1


[Site "https://www.chess.com"]

[Event "Titled Tuesday Blitz February 21 Early 2023"]
[White "Kielinkei"]
[Black "Quirke, Jeffrey"]
[BlackFideId "2013029"]
[WhiteElo "2378"]
[BlackElo "2007"]
[Result "1-0"]
[Round "05"]
[TimeControl "180+2"]
[Date "2023.02.21"]
[WhiteClock "0:00:22"]
[BlackClock "0:00:03"]

1. d4 g6 2. e4 Bg7 3. Nc3 d5 4. exd5 Nf6 5. Nf3 Nxd5 6. Nxd5 Qxd5 7. c4 Qd8 8. Be2 O-O 9. O-O c6 10. Be3 Nd7 11. Qb3 Nf6 12. Rad1 Qb6 13. h3 Qxb3 14. axb3 Bf5 15. Ra1 a6 16. Ne5 Rfd8 17. g4 Be6 18. Rfd1 Nd7 19. f4 Nxe5 20. fxe5 f6 21. exf6 exf6 22. Bf3 Rd7 23. d5 cxd5 24. cxd5 Bf7 25. Bb6 Re8 26. Rac1 f5 27. gxf5 gxf5 28. Rc2 Bg6 29. Rcd2 f4 30. d6 Be5 31. Bg4 Rdd8 32. d7 Rf8 33. Bxd8 Rxd8 34. Rc1 Kf7 35. Rc8 Bf6 36. Rxd8 Bxd8 37. Re2 1-0


[Site "https://www.chess.com"]

[Event "Titled Tuesday Blitz February 21 Early 2023"]
[White "Rosenberg, Evan S"]
[Black "Decoster, Frederic"]
[WhiteFideId "2019299"]
[BlackFideId "204269"]
[WhiteElo "1956"]
[BlackElo "2301"]
[Result "1/2-1/2"]
[Round "05"]
[TimeControl "180+2"]
[Date "2023.02.21"]
[WhiteClock "0:00:57"]
[BlackClock "0:00:19"]

1. d4 Nf6 2. Nf3 g6 3. Nc3 d5 4. Bf4 Bg7 5. Nb5 Na6 6. e3 O-O 7. h3 c6 8. Nc3 b5 9. Ne5 Qb6 10. Be2 Nd7 11. O-O Nxe5 12. Bxe5 b4 13. Na4 Qa5 14. b3 Bxe5 15. dxe5 Nc5 16. Nxc5 Qxc5 17. Bd3 a5 18. Rc1 Qc3 19. f4 Ba6 20. Qe1 Qxe1 21. Rfxe1 e6 22. Bxa6 Rxa6 23. c3 c5 24. cxb4 cxb4 25. Rc7 Rfa8 26. Rec1 R6a7 27. Kf2 Kf8 28. Ke2 Ke8 29. Kd3 Kd8 30. Rxa7 Rxa7 31. Kd4 Kd7 32. Rc5 a4 33. Rb5 axb3 34. axb3 Ra2 35. Rxb4 Rxg2 36. Rb7+ Ke8 37. Kc5 Re2 38. Kd6 Kf8 39. b4 Rxe3 40. b5 Rxh3 41. b6 Rf3 42. Rb8+ Kg7 43. b7 Rxf4 44. Ra8 Rb4 45. b8=Q Rxb8 46. Rxb8 g5 47. Ke7 Kg6 48. Rf8 Kf5 49. Rxf7+ Kxe5 50. Rf6 g4 51. Rxe6+ Kf4 52. Rf6+ Ke5 53. Rf1 d4 54. Kf7 d3 55. Kg7 g3 56. Kxh7 Ke4 57. Kg6 g2 58. Ra1 Kf3 59. Kf5 Kf2 60. Ke4 d2 61. Kd3 g1=Q 62. Rxg1 Kxg1 63. Kxd2 1/2-1/2


[Site "https://www.chess.com"]

[Event "Titled Tuesday Blitz February 21 Early 2023"]
[White "Burke, John F"]
[Black "Carrasco Miranda, Andres"]
[WhiteFideId "2052970"]
[BlackFideId "3405990"]
[WhiteElo "2013"]
[BlackElo "2240"]
[Result "0-1"]
[Round "05"]
[TimeControl "180+2"]
[Date "2023.02.21"]
[WhiteClock "0:00:47"]
[BlackClock "0:00:11"]

1. d4 Nf6 2. c4 g6 3. Nc3 d5 4. Nf3 Bg7 5. Bf4 O-O 6. Rc1 c5 7. dxc5 Be6 8. e3 dxc4 9. Qxd8 Rxd8 10. Ne5 Na6 11. c6 bxc6 12. Nxc6 Rd7 13. Be2 Rc8 14. Nd4 Bg4 15. f3 Nh5 16. Bg3 Nxg3 17. hxg3 e5 18. Ndb5 Be6 19. Rd1 Rxd1+ 20. Kxd1 Nb4 21. a3 a6 22. axb4 axb5 23. Nxb5 Rb8 24. Nc3 Rxb4 25. Kc2 Bf8 26. Rd1 Bc5 27. e4 Bd4 28. g4 Kg7 29. Ra1 Kf6 30. Ra6 Kg5 31. g3 Bf2 32. Nd5 Rb8 33. f4+ Kh6 34. g5+ Kg7 35. Nf6 Bd4 36. Ra2 h6 37. gxh6+ Kxf6 38. h7 Kg7 39. g4 exf4 0-1


[Site "https://www.chess.com"]